 Dungeon Crawl Stone Soup version 0.31.0-32-g396128a36d (webtiles) character file.

Game seed: 15750096157987381392

2222 Lemonizer the Fighter (level 9, 0/60 HPs)
             Began as a Gargoyle Hexslinger on Apr 14, 2024.
             Was a Believer of Okawaru.
             Slain by a +5 spectral quarterstaff (5 damage)
             ... created by Joseph
             ... on level 7 of the Dungeon.
             The game lasted 00:15:49 (6447 turns).

Lemonizer the Fighter (Gargoyle Hexslinger)         Turns: 6447, Time: 00:15:50

Health: 0/60       AC: 20    Str: 16    XL:     9   Next: 35%
Magic:  0/21       EV: 10    Int: 14    God:    Okawaru [**....]
Gold:   189        SH:  0    Dex: 12    Spells: 10/10 levels left

rFire   . . .        x - +0 flail
rCold   . . .        (no shield)
rNeg    + . .        p - +0 chain mail
rPois   ∞            (no helmet)
rElec   +            h - +1 cloak
rCorr   .            (no gloves)
SInv    .            (no boots)
Will    .....        B - amulet of guardian spirit Stlth
                     k - ring of magical power
HPRegen 0.30/turn    (no ring)
MPRegen 0.17/turn

%: guardian spirit
@: heroic
A: sickness immunity, AC +6, negative energy resistance 1, electricity
resistance, torment resistance 1, petrification resistance
a: Renounce Religion, Heroism


You were on level 7 of the Dungeon.
You worshipped Okawaru.
Okawaru was pleased with you.
You visited 2 branches of the dungeon, and saw 8 of its levels.
You also visited: Ossuary.

You collected 301 gold pieces.
You spent 112 gold pieces at shops.

Inventory:

Hand Weapons
 a - a +1 sling
 j - a +0 war axe
 o - a +2 mace of protection
 x - a +0 flail (weapon)
Missiles
 s - 6 atropa-tipped darts (quivered)
Armour
 h - a +1 cloak (worn)
 m - a +0 ring mail
 p - a +0 chain mail (worn)
Jewellery
 k - a ring of magical power (left hand)
 B - an amulet of guardian spirit (around neck)
Wands
 q - a wand of light (13)
 w - a wand of flame (15)
Scrolls
 b - a scroll of poison
 d - 4 scrolls of blinking {unknown}
 e - a scroll of silence {unknown}
 g - 2 scrolls of fear {unknown}
 l - 3 scrolls of teleportation
 r - 2 scrolls of immolation {unknown}
 v - 2 scrolls of fog {unknown}
 y - a scroll of amnesia {unknown}
 D - a scroll of noise {unknown}
 F - a scroll of revelation {unknown}
 H - a scroll of vulnerability {unknown}
Potions
 c - 2 potions of magic
 f - a potion of lignification
 i - 2 potions of enlightenment
 n - 9 potions of curing
 t - 2 potions of brilliance {unknown}
 u - 2 potions of attraction
 z - a potion of degeneration {unknown}
 A - a potion of berserk rage {unknown}
 C - 2 potions of mutation
 E - 2 potions of heal wounds
 G - 2 potions of haste {unknown}


   Skills:
 + Level 9.1(14.1) Fighting
 + Level 5.4(10.4) Maces & Flails
 - Level 2.0(7.0) Ranged Weapons
 + Level 6.0(11.0) Armour
 - Level 1.5(6.5) Dodging
 - Level 1.0 Spellcasting
 - Level 2.6 Hexes
 - Level 1.0 Fire Magic
 + Level 4.1 Invocations


You had 10 spell levels left.
You didn't know any spells.
Your spell library contained the following spells:

 Spells                   Type           Power      Damage    Failure   Level
 Jinxbite                 Hex            16%        N/A       69%         2
 Kiss of Death            Conj/Necr      0%         2d5       89%         1
 Confusing Touch          Hex            8%         N/A       89%         3
 Sigil of Binding         Hex            8%         N/A       89%         3
 Inner Flame              Hex/Fire       5%         N/A       95%         3
 Blink                    Tloc           0%         N/A       96%         2
 Lesser Beckoning         Tloc           0%         N/A       96%         2
 Momentum Strike          Conj/Tloc      0%         3d8       96%         2
 Fugue of the Fallen      Necr           0%         N/A       99%         3
 Hailstorm                Conj/Ice       0%         3d5       99%         3
 Ozocubu's Armour         Ice            0%         N/A       99%         3
 Cause Fear               Hex            4%         N/A       100%        4
 Dimensional Bullseye     Hex/Tloc       2%         N/A       100%        4
 Dispel Undead            Necr           0%         3d6       100%        4
 Manifold Assault         Tloc           0%         N/A       100%        4
 Summon Ice Beast         Ice/Summ       Unusable   N/A       N/A         3
 Sculpt Simulacrum        Ice/Alch       Unusable   N/A       N/A         6

Dungeon Overview and Level Annotations

Branches:
Dungeon (7/15)             Temple (1/1) D:4         Ossuary (visited)

Altars:
Ashenzari
Cheibriados
Dithmenos
Elyvilon
Fedhas
Gozag
Kikubaaqudgha
Makhleb
Nemelex Xobeh
Okawaru
Qazlal
Sif Muna
Trog
Uskayaw
Vehumet
Yredelemnul
Zin

Shops:
D:6 !

Annotations:
D:2 1 runed translucent door, Crazy Yiuf
D:4 Dowan, Duvessa
D:6 1 runed translucent door, Tripartite's ghost, novice DrCj
D:7 Joseph


Innate Abilities, Weirdness & Mutations

You are immune to sickness and miasma.
Your stone body is resilient. (AC +6)
You are immune to poison.
You resist negative energy. (rN+)
You are resistant to electric shocks. (rElec)
You are resistant to unholy torment.
You are immune to petrification.


Message History

Joseph wields a +0 sling.
Joseph shoots a sling bullet.
The sling bullet hits you!
You barely miss Joseph.
Joseph unwields a +0 sling.
Joseph wields a +5 spectral quarterstaff.
Joseph hits you with a +5 spectral quarterstaff.
The +5 spectral quarterstaff hits you!
A +5 spectral quarterstaff comes into view.
You sock Joseph!
Joseph is lightly wounded.
Joseph hits you with a +5 spectral quarterstaff!
The +5 spectral quarterstaff barely misses you.
You hit Joseph.
Joseph is moderately wounded.
Joseph hits you with a +5 spectral quarterstaff.
The +5 spectral quarterstaff hits you! Joseph closely misses you.
The +5 spectral quarterstaff hits you but does no damage.
You closely miss Joseph.
Joseph is moderately wounded.
Joseph hits you but does no damage. The +5 spectral quarterstaff hits you.
You gain the combat prowess of a mighty hero.
Joseph hits you with a +5 spectral quarterstaff!
The +5 spectral quarterstaff misses you.
You sock Joseph!
Joseph is heavily wounded.
You hit Joseph.
Joseph is heavily wounded.
Joseph hits you with a +5 spectral quarterstaff!
The +5 spectral quarterstaff barely misses you.
You closely miss Joseph.
Joseph is heavily wounded.
Joseph hits you with a +5 spectral quarterstaff.
* * * LOW HITPOINT WARNING * * *
The +5 spectral quarterstaff hits you but does no damage.
You hit Joseph.
Joseph is heavily wounded.
Joseph says, "I've waited for this moment for such a long time."
Joseph hits you with a +5 spectral quarterstaff!
* * * LOW HITPOINT WARNING * * *
The +5 spectral quarterstaff hits you!
You die...

#..######## ..#
##..#..##..##..####
#.................. ###
#.....###.......... ##.##
###.....##.........#
##...###........#..........
#.....#........#...........
#.....†##.......(@.......#.
..##....##......@#..##...#.#
....#...........###.#...#..####
#............#.####..#.(#.....#
#....(.##.......##............#
...>......#..#......####......#
#........##.........##......<##
#......(.##.................## #.
#........................<...#...
##...#....##......@..............


You could see Joseph and a +5 spectral quarterstaff (wandering).

Vanquished Creatures
  Prince Ribbit (D:7)
  Sigmund (D:2)
  2 water moccasins
  2 black bears
  2 ice beasts (D:6)
  An ogre (D:6)
  3 centaurs (D:6)
  A bullfrog (D:6)
  A scorpion (D:6)
  A burial acolyte (Ossuary)
  2 wights (Ossuary)
  2 bombardier beetles
  2 jellies
  A gnoll bouda (D:6)
  2 hounds (D:5)
  An orc priest (D:6)
  2 iguanas
  Terence (D:3)
  2 orc wizards
  A sleepcap (D:6)
  Ijyb (D:3)
  A mummy (Ossuary)
  5 gnolls
  11 adders
  A shadow imp (D:6)
  2 dart slugs (D:1)
  2 ribbon worms (D:2)
  15 orcs
  7 ball pythons
  9 endoplasms
  5 giant cockroaches
  8 goblins
  6 hobgoblins
  4 jackals (D:2)
  7 kobolds
  2 quokkas
  7 bats
  A frilled lizard (D:1)
  10 gnoll skeletons (Ossuary)
  5 kobold skeletons (Ossuary)
  5 orc skeletons (Ossuary)
145 creatures vanquished.

Notes
Turn   | Place    | Note
-------+----------+-------------------------------------------
     0 | D:1      | Lemonizer the Gargoyle Hexslinger began the quest for the
                  | Orb.
     0 | D:1      | Reached XP level 1. HP: 12/12 MP: 2/2
    83 | D:1      | Reached skill level 2 in Fighting
    83 | D:1      | Reached XP level 2. HP: 8/18 MP: 3/3
   228 | D:1      | Reached skill level 3 in Fighting
   283 | D:1      | Reached XP level 3. HP: 23/23 MP: 4/4
   570 | D:2      | Noticed Sigmund
   583 | D:2      | Killed Sigmund
   584 | D:2      | Reached skill level 5 in Fighting
   584 | D:2      | Reached XP level 4. HP: 22/32 MP: 5/5
   584 | D:2      | Reached XP level 5. HP: 25/36 MP: 6/6
   737 | D:2      | Identified the +0 buckler "Feteobups" {Int+3 Dex-5}
   742 | D:2      | Reached skill level 6 in Fighting
  1114 | D:2      | Found a blossoming altar of Fedhas.
  1349 | D:2      | Reached XP level 6. HP: 41/41 MP: 7/7
  1358 | D:2      | Found a runed translucent door.
  1359 | D:2      | Noticed Crazy Yiuf
  1430 | D:3      | Found a basalt altar of Yredelemnul.
  1624 | D:3      | Noticed Terence
  1643 | D:3      | Killed Terence
  1711 | D:3      | Found a faded altar of an unknown god.
  1799 | D:3      | Noticed Ijyb
  1816 | D:3      | Killed Ijyb
  2628 | D:4      | Found a staircase to the Ecumenical Temple.
  2636 | Temple   | Entered the Ecumenical Temple
  2665 | Temple   | Became a worshipper of Warmaster Okawaru
  2714 | D:4      | Found a stormy altar of Qazlal.
  2769 | D:4      | Reached skill level 1 in Armour
  2832 | D:4      | Found a bloodstained altar of Trog.
  2856 | D:4      | Reached skill level 1 in Maces & Flails
  2986 | D:4      | Noticed Duvessa
  2986 | D:4      | Noticed Dowan
  3094 | D:5      | Entered Level 5 of the Dungeon
  3164 | D:5      | Noticed a water moccasin
  3183 | D:5      | Killed a water moccasin
  3184 | D:5      | Reached skill level 7 in Fighting
  3184 | D:5      | Reached XP level 7. HP: 20/48 MP: 8/8
  3364 | D:5      | You fall into a shaft and drop 1 floor!
  3389 | D:6      | Found Wame's Distillery.
  3404 | D:6      | Bought a potion of heal wounds for 70 gold pieces
  3404 | D:6      | Bought a potion of lignification for 42 gold pieces
  3563 | D:6      | Reached * piety under Okawaru
  3610 | D:6      | Found a runed translucent door.
  3610 | D:6      | Noticed Tripartite's ghost (novice DrCj)
  3663 | D:6      | Reached XP level 8. HP: 32/54 MP: 9/9
  3810 | D:6      | Found a sand-covered staircase.
  3815 | Ossuary  | Entered an ossuary
  4082 | Ossuary  | Reached skill level 8 in Fighting
  4094 | Ossuary  | Reached skill level 1 in Invocations
  4098 | Ossuary  | HP: 2/81 [wight/+4 great sword (8)]
  5017 | D:6      | Reached skill level 5 in Armour
  5186 | D:5      | Found a shadowy altar of Dithmenos.
  5219 | D:5      | Found an opulent altar of Gozag.
  5802 | D:4      | Reached XP level 9. HP: 55/60 MP: 11/11
  5850 | D:6      | Reached ** piety under Okawaru
  6031 | D:6      | Reached skill level 5 in Maces & Flails
  6202 | D:7      | Noticed a boulder beetle
  6225 | D:7      | Noticed Prince Ribbit
  6259 | D:7      | Killed Prince Ribbit
  6260 | D:7      | Reached skill level 9 in Fighting
  6424 | D:7      | Noticed Joseph
  6447 | D:7      | Slain by a +5 spectral quarterstaff

Illustrated notes

Levels and vault maps discovered:
D:1:      spicycebolla_arrival_clurvy, layout_rooms
D:2:      layout_basic, basic_altar, nicolae_figureground_pulse,
          uniq_crazy_yiuf_cottage, uniq_sigmund
D:3:      layout_basic, general_overflow_altar,
          hellmonk_ecumenical_altar_pennies_from_heaven, uniq_ijyb, uniq_terence
D:4:      layout_basic, trog_hazing_becter, nicolae_qazlal_scattered_showers,
          minmay_temple_entry_large_hall, serial_bayou, serial_bayou_pond_c,
          serial_bayou_pond_b, serial_bayou_pond_d, serial_bayou_lake_a,
          dreamdust_princess_corridor, uniq_duvessa
D:5:      layout_basic, mainiacjoe_overflow_catch_the_wave
D:6:      layout_basic, gammafunk_ghost_grave,
          nicolae_ossuary_entry_false_entrances, minmay_shop_grid_forest,
          nicolae_elevator_lobby_plus
D:7:      layout_cave_pools, nicolae_overflow_hidden_temple, serial_shops,
          nicolae_shop_real_fake_doors, kennysheep_decorative_pillar,
          uniq_joseph, uniq_prince_ribbit1
Temple:   nicolae_temple_godzebo

Skill      XL: |  1  2  3  4  5  6  7  8  9 |
---------------+----------------------------+-----
Fighting       | 2 3 5 6 7 8 9 |  9.1
Armour         | 2 3 5 6 |  6.0
Maces & Flails | 1 3 4 5 |  5.4
Invocations    | 3 4 |  4.1
Ranged Weapons | |  2.0
Dodging        | |  1.5
Spellcasting   | |  1.0
Hexes          | |  2.6
Fire Magic     | |  1.0

Action                     |  1- 3 |  4- 6 |  7- 9 || total
---------------------------+-------+-------+-------++-------
  Melee: Flail             |       |    89 |   496 ||   585
         Mace              |       |    28 |       ||    28
         Punch             |       |     3 |     6 ||     9
   Fire: Sling             |    87 |   127 |       ||   214
 Invoke: Heroism           |       |       |     4 ||     4
    Use: Scroll            |       |       |     6 ||     6
         Potion            |       |       |     7 ||     7
 Armour: Robe              |     7 |       |       ||     7
         Leather armour    |    18 |    69 |       ||    87
         Chain mail        |       |   202 |   763 ||   965
         Ring mail         |       |    12 |       ||    12
         Skin              |       |       |    32 ||    32
  Dodge: Dodged            |    23 |   127 |   307 ||   457
